 Dungeon Crawl Stone Soup version 0.32-a0-589-g2d1f746d5d (webtiles) character file.

Game seed: 11436716239023680090

563 protoss039 the Digger (level 7, 52/52 HPs)
             Began as a Demonspawn Earth Elementalist on Mar 3, 2024.
             Got out of the dungeon alive.
             The game lasted 00:11:35 (4743 turns).

protoss039 the Digger (DsEE)                        Turns: 4743, Time: 00:11:35

Health: 52/52      AC:  8    Str:  8    XL:     7   Next: 10%
Magic:  12/12      EV: 10    Int: 18    God:
Gold:   290        SH:  0    Dex: 13    Spells: 6/13 levels left

rFire   . . .        y - +3 spear
rCold   . . .        (no shield)
rNeg    . . .        z - +0 ring mail of Lies {rElec}
rPois   .            (no helmet)
rElec   +            B - +0 cloak
rCorr   .            (no gloves)
SInv    .            (no boots)
Will    .....        (no amulet)
Stlth   +            (no ring)
HPRegen 0.28/turn    (no ring)
MPRegen 0.13/turn

%: no passive effects
@: wreathed by umbra
A: claws 1, thin metallic scales 1, foul shadow 1
a: no special abilities


You escaped.
You visited 1 branch of the dungeon, and saw 5 of its levels.

You collected 290 gold pieces.

Inventory:

Hand Weapons
 e - a +0 short sword
 y - a +3 spear (weapon)
Missiles
 v - 2 throwing nets
Armour
 a - a +0 robe
 z - the +0 ring mail of Lies (worn) {rElec}
   (You found it on level 3 of the Dungeon)

   rElec:     It insulates you from electricity.
 B - a +0 cloak (worn)
 F - a +0 helmet
Talismans
 k - a talisman of death
Wands
 w - a wand of paralysis (13)
 D - a wand of mindburst (13)
Scrolls
 c - 2 scrolls of identify {unknown}
 d - a scroll of vulnerability {unknown}
 i - a scroll of blinking {unknown}
 o - 2 scrolls of teleportation
 p - a scroll of noise {unknown}
 q - a scroll of silence {unknown}
 s - 2 scrolls of immolation {unknown}
 t - a scroll of enchant armour {unknown}
 u - a scroll of acquirement {unknown}
 x - a scroll of amnesia {unknown}
 C - a scroll of poison {unknown}
Potions
 b - 2 potions of magic
 f - a potion of berserk rage {unknown}
 h - a potion of degeneration {unknown}
 j - a potion of enlightenment {unknown}
 l - 2 potions of invisibility
 m - a potion of haste {unknown}
 n - a potion of cancellation {unknown}
 r - a potion of lignification
 A - 2 potions of resistance {unknown}
 E - a potion of mutation {unknown}


   Skills:
 + Level 3.3 Fighting
 * Level 2.8 Armour
 - Level 1.7 Dodging
 - Level 1.7 Stealth
 + Level 3.7 Spellcasting
 - Level 3.0 Conjurations
 + Level 4.1 Earth Magic


You had 6 spell levels left.
You knew the following spells:

 Your Spells              Type           Power      Damage    Failure   Level
a - Sandblast             Erth           36%        2d10      9%          1
b - Passwall              Erth           18%        N/A       24%         3
c - Stone Arrow           Conj/Erth      32%        3d9       30%         3

Your spell library contained the following spells:

 Spells                   Type           Power      Damage    Failure   Level
 Magic Dart               Conj           56%        1d5       13%         1
 Blink                    Tloc           6%         N/A       54%         2
 Call Imp                 Summ           6%         N/A       54%         2
 Sublimation of Blood     Necr           3%         N/A       54%         2
 Brom's Barrelling Bould  Conj/Erth      16%        2d4       71%         4
 Petrify                  Alch/Erth      10%        N/A       88%         4
 Irradiate                Conj/Alch      4%         3d13      100%        5


Dungeon Overview and Level Annotations

Branches:
Dungeon (5/15) Zot: 25181
 Temple: D:4-7

Altars:
Wu Jian

Annotations:
D:4 1 runed translucent door, Crazy Yiuf


Innate Abilities, Weirdness & Mutations

You have sharp fingernails.
You are partially covered in thin metallic scales. (AC +2)
You are faintly shadowed, very rarely releasing foul flame when damaged in melee.


Message History

Aim: a shadow imp (umbra, 80% to hit)
The blast of sand hits the shadow imp.
The shadow imp is moderately wounded.
The shadow imp gestures at you. Pain shoots through your body!
* * * LOW HITPOINT WARNING * * *
Your magical contamination has completely faded away.
Casting: Sandblast (safe; 9% risk of failure)
Confirm with . or Enter, or press ? or * to list all spells.
Aiming: Stone Arrow (dangerous; 30% risk of failure)
Press: ? - help, Shift-Dir - straight line, f/p - shadow imp
Aim: a shadow imp (moderately wounded, umbra, 64% to hit)
The stone arrow hits the shadow imp!
You kill the shadow imp!
Training target 3.0 for Conjurations reached!
Your Conjurations skill increases to level 3!
You start resting.
Magic restored.
What level of the Dungeon? (default 4, ? - help)
You see here a flux talisman.
There is a stone staircase leading up here.
You climb upwards.
There is a stone staircase leading down here.
You see here 7 stones.
There is a stone staircase leading up here.
You climb upwards.
There is a stone staircase leading down here.
There is an open door here.
You open the door.
There is an open door here.
There is a stone staircase leading up here.
You climb upwards.
There is a stone staircase leading down here.
You can't go up here!
You can't go up here!
You can't go up here!
HP restored.
You see here a rat skeleton.
There is a staircase leading out of the dungeon here.
You have escaped!

#..........###....#.P#..
#...............#.#.##..
#.......#.........# ##..
#......###........####.#
#.......#.......####....
#.......................
#...#...#>..#...........
#..###.###.###..........
#...#..@#...#...###.####
#..............## #..#
#.......#......# #####
#......###.....# ##...##
#.......#......###P.bPP#
#..............#.#..P..#
#......#########.#P.b..#
######## #.##...##
#.#######


There were no monsters in sight!

Vanquished Creatures
  Eustachio (D:4)
  A phantom (D:4)
  A scorpion (D:4)
  An orc priest (D:5)
  An orc wizard (D:5)
  6 adders
  A shadow imp (D:4)
  A white imp (D:3)
  2 dart slugs
  A ribbon worm (D:3)
  6 orcs
  6 ball pythons
  6 bats
  3 endoplasms
  12 goblins
  15 hobgoblins
  4 kobolds
  6 quokkas
  A frilled lizard (D:1)
  6 rats
81 creatures vanquished.

Vanquished Creatures (others)
  A water moccasin (D:5)
1 creature vanquished.

Grand Total: 82 creatures vanquished

Notes
Turn   | Place    | Note
-------+----------+-------------------------------------------
     0 | D:1      | protoss039 the Demonspawn Earth Elementalist began the
                  | quest for the Orb.
     0 | D:1      | Reached XP level 1. HP: 13/13 MP: 3/3
   173 | D:1      | Gained mutation: You are partially covered in thin metallic
                  | scales. (AC +2) [demonic ancestry]
   173 | D:1      | Reached XP level 2. HP: 15/20 MP: 1/5
   307 | D:1      | Reached skill level 1 in Fighting
   454 | D:1      | Reached skill level 3 in Earth Magic
   610 | D:1      | Reached XP level 3. HP: 17/26 MP: 0/6
   927 | D:1      | Learned a level 3 spell: Passwall
   931 | D:1      | Learned a level 3 spell: Stone Arrow
  1177 | D:2      | Found a faded altar of an unknown god.
  1511 | D:2      | Reached XP level 4. HP: 32/33 MP: 6/8
  2735 | D:3      | Identified the +0 ring mail of Lies {rElec}
  3273 | D:4      | Found an ornate altar of the Wu Jian Council.
  3277 | D:4      | Noticed a phantom
  3283 | D:4      | Killed a phantom
  3284 | D:4      | Reached skill level 1 in Armour
  3284 | D:4      | Gained mutation: You are faintly shadowed, very rarely
                  | releasing foul flame when damaged in melee. [demonic
                  | ancestry]
  3284 | D:4      | Reached XP level 5. HP: 39/39 MP: 4/9
  3432 | D:4      | Noticed Eustachio
  3644 | D:4      | Gained mutation: You have sharp fingernails. [demonic
                  | ancestry]
  3644 | D:4      | Reached XP level 6. HP: 39/46 MP: 8/10
  3828 | D:4      | Killed Eustachio
  4339 | D:4      | Identified the +8 dagger of Peuth {spect, Str+2 Stlth+}
  4352 | D:4      | Found a runed translucent door.
  4353 | D:4      | Noticed Crazy Yiuf
  4482 | D:5      | Entered Level 5 of the Dungeon
  4487 | D:5      | Noticed a water moccasin
  4500 | D:5      | HP: 1/70 [orc priest/divine providence (10)]
  4504 | D:5      | Reached skill level 4 in Earth Magic
  4508 | D:5      | Killed a water moccasin
  4509 | D:5      | Reached XP level 7. HP: 25/52 MP: 12/12
  4743 | D:$      | Got out of the dungeon alive.

Illustrated notes

Levels and vault maps discovered:
D:1:      minmay_arrival_five_plusses, layout_rooms, serial_aquarium,
          aquarium_bridge_square [aquarium_subvault_bridge,
          aquarium_subvault_bridge, aquarium_subvault_wall,
          aquarium_subvault_balcony], aquarium_bridge_square
          [aquarium_subvault_bridge, aquarium_subvault_wall,
          aquarium_subvault_wall, aquarium_subvault_wall], aquarium_window_fake,
          aquarium_window_1, aquarium_view_4, aquarium_balcony_1a,
          dreamdust_wishing_well, minmay_cupped
D:2:      layout_loops_corners, ebering_ecumenical_altar_petrified
D:3:      layout_loops_ring, amethyst_overflow_temple_binary
D:4:      cheibrodos_greedy_goblins, layout_loops_ring,
          nicolae_wu_jian_wuxing_cycle, uniq_eustachio, uniq_crazy_yiuf_cottage
D:5:      layout_loops_ring, lightli_temple_of_fire, nicolae_vehumet_radiance,
          minmay_temple_entry_mist, minmay_liquid_box

Skill      XL: |  1  2  3  4  5  6  7 |
---------------+----------------------+-----
Fighting       | 1 2 3 |  3.3
Earth Magic    | 3 4 |  4.1
Spellcasting   | 3 |  3.7
Armour         | 1 2 |  2.8
Conjurations   | 2 3 |  3.0
Dodging        | |  1.7
Stealth        | |  1.7

Action                     |  1- 3 |  4- 6 |  7- 9 || total
---------------------------+-------+-------+-------++-------
  Melee: Short sword       |    39 |       |       ||    39
         Spear             |       |   133 |     4 ||   137
   Cast: Sandblast         |    53 |    59 |     1 ||   113
         Stone Arrow       |       |       |     3 ||     3
    Use: Potion            |       |    10 |       ||    10
         Scroll            |       |     1 |       ||     1
   Stab: Invisible         |       |     4 |     1 ||     5
 Armour: Robe              |    36 |    32 |       ||    68
         Ring mail         |       |   127 |     3 ||   130
         Skin              |       |    66 |    11 ||    77
  Dodge: Dodged            |    36 |   151 |     4 ||   191

Table legend: (Time is in decaauts)
 A = Elapsed time spent in this place.
 B = Non-inter-level travel time spent in this place.
 C = Inter-level travel time spent in this place.
 D = Time resting spent in this place.
 E = Time spent auto-exploring this place.
 F = Levels seen in this place.
 G = Mean time per level.
                   A        B        C        D        E       F      G
               +--------+--------+--------+--------+--------+-----+--------+
         Total |   4818 |   4438 |    380 |    365 |   3288 |   5 |  963.6 |
       Dungeon |   4818 |   4438 |    380 |    365 |   3288 |   5 |  963.6 |
               +--------+--------+--------+--------+--------+-----+--------+

Top non-repeatable levels by time:
     D:4: 1385 daAuts
     D:2: 1216 daAuts
     D:3: 1153 daAuts
     D:1: 1000 daAuts
     D:5: 62 daAuts
